Map: [ESL] Goldenaura

Players

Harstem - Winner!

  • Race: Protoss Protoss
  • League: Master
  • Spawn Location: 5:00

ForJumyyyy (ForJumy)

  • Race: Protoss Protoss
  • League: Master
  • Spawn Location: 12:00

Event: HomeStory Cup XXV

VOD

Have the link to the VOD?

Description

Time

  • Played on: June 22, 2024, 6:35 a.m.
  • Length: 14:49

All games in this series

Show
View Real Time Build Order
Export as new Build Order

Harstem Protoss - Winner!

Build Orders: Oracle Opening 

Get SALT Encoding   

  12  0:00  Probe  
  13  0:12  Probe  
  14  0:17  Pylon  
  14  0:24  Probe (Chrono Boost)  
  16  0:36  Probe (Chrono Boost)  
  16  0:37  Gateway  
  16  0:43  Probe (Chrono Boost)  
  16  0:46  Assimilator  
  17  0:51  Probe  
  17  0:55  Assimilator  
  18  1:03  Probe (Chrono Boost)  
  19  1:08  Gateway  
  20  1:12  Probe (Chrono Boost)  
  20  1:17  Probe (Chrono Boost)  
  21  1:25  Cybernetics Core  
  21  1:32  Probe  
  22  1:36  Pylon  
  22  1:44  Probe  
  23  1:57  Probe  
  24  2:02  Warp Gate, Stargate  
  24  2:04  Adept  
  26  2:12  Stalker  
  26  2:15  Probe  
  29  2:23  Pylon  
  29  2:43  Probe  
  30  2:44  Oracle (Chrono Boost)  
  30  2:49  Stalker  
  34  3:05  Probe  
  37  3:11  Gateway  
  35  3:14  Pylon  
  34  3:20  Oracle  
  37  3:34  Probe  
  37  3:38  Nexus  
  38  3:41  Robotics Facility  
  38  3:43  Pylon  
  38  3:49  Shield Battery  
  38  3:52  Probe  
  37  4:02  Stalker  
  37  4:09  Probe (Chrono Boost)  
  38  4:19  Probe (Chrono Boost)  
  38  4:22  Sentry  
  41  4:24  Probe (Chrono Boost)  
  41  4:28  Immortal (Chrono Boost)  
  42  4:35  Probe  
  47  4:47  Phoenix  
  47  4:48  Pylon  
  47  4:51  Forge, Probe (Chrono Boost)  
  49  4:52  Probe (Chrono Boost)  
  49  5:05  Probe (Chrono Boost)  
  49  5:07  Probe (Chrono Boost)  
  51  5:08  Immortal (Chrono Boost)  
  51  5:13  Sentry  
  57  5:18  Zealot  
  59  5:22  Shield Battery, Probe  
  59  5:27  Probe  
  61  5:31  Pylon  
  61  5:37  Zealot  
  61  5:40  Pylon  
  61  5:46  Immortal (Chrono Boost)  
  61  5:48  Probe  
  65  5:50  Probe  
  65  5:51  Protoss Ground Weapons Level 1 (Chrono Boost)  
  65  5:56  Immortal (Chrono Boost)  
  66  6:00  Pylon  
  66  6:02  Probe  
  66  6:04  Probe  
  68  6:07  Stalker  
  70  6:11  Assimilator  
  70  6:15  Stalker  
  72  6:24  Immortal  
  72  6:25  Probe  
  75  6:27  Probe  
  76  6:33  Pylon  
  76  6:37  Stalker, Probe  
  76  6:39  Probe  
  80  6:43  Shield Battery  
  80  6:51  Stalker, Probe  
  81  6:56  Probe  
  74  7:03  Probe  
  74  7:05  Zealot  
  77  7:08  Probe  
  77  7:11  Twilight Council  
  77  7:15  Probe  
  79  7:18  Gateway  
  79  7:19  Gateway  
  79  7:20  Probe  
  79  7:22  Observer (Chrono Boost)  
  81  7:27  Probe  
  82  7:30  Stalker x2  
  82  7:31  Pylon  
  82  7:35  Probe  
  87  7:39  Pylon  
  87  7:40  Observer  
  88  7:46  Blink, Protoss Ground Weapons Level 2 (Chrono Boost)  
  88  7:51  Probe  
  89  7:55  Observer  
  89  7:58  Pylon  
  89  8:03  Stalker  
  91  8:08  Stalker  
  93  8:14  Nexus  
  93  8:18  Stalker  
  95  8:27  Stalker x2  
  95  8:33  Pylon  
  99  8:36  Gateway  
  99  8:37  Assimilator, Gateway  
  99  8:40  Stalker  
  101  8:43  Probe  
  101  8:48  Stalker  
  104  8:56  Stalker x2  
  104  9:02  Pylon  
  108  9:03  Pylon  
  108  9:07  Stalker  
  110  9:12  Stalker  
  110  9:16  Pylon  
  112  9:25  Observer  
  112  9:32  Stalker x4  
  112  9:38  Observer  
  120  9:46  Sentry  
  120  9:47  Resonating Glaives  
  122  9:54  Nexus  
  122  9:57  Sentry  
  124  10:08  Stalker x3  
  130  10:15  Stalker  
  132  10:32  Observer  
  122  10:38  Stalker x5  
  122  10:39  Phoenix  
  122  10:42  Pylon  
  132  10:49  Dark Shrine  
  132  10:52  Observer  
  132  10:53  Observer  
  130  11:00  Stalker  
  130  11:02  Observer, Probe  
  133  11:05  Shield Battery  
  133  11:15  Probe x2  
  133  11:16  Probe  
  136  11:23  Stalker x4  
  136  11:25  Sentry  
  146  11:26  Sentry  
  146  11:27  Probe x2  
  142  11:39  Probe  
  135  11:54  Assimilator  
  133  11:55  Assimilator, Protoss Ground Weapons Level 3 (Chrono Boost), Photon Cannon  
  133  11:58  Nexus  
  133  12:00  Pylon  
  133  12:05  Dark Templar  
  135  12:08  Probe  
  135  12:13  Probe  
  134  12:15  Dark Templar  
  134  12:17  Probe  
  134  12:20  Probe  
  134  12:21  Adept x3  
  144  12:30  Probe  
  144  12:33  Dark Templar  
  144  12:34  Probe  
  148  12:40  Adept  
  148  12:44  Probe  
  148  12:51  Stalker x4  
  157  12:52  Probe  
  157  12:54  Probe  
  157  12:56  Probe  
  160  13:04  Probe  
  159  13:06  Observer, Adept x2  
  159  13:11  Photon Cannon  
  165  13:14  Stalker x2  
  165  13:17  Shield Battery  
  167  13:20  Adept x2  
  171  13:31  Dark Templar  
  171  13:35  Dark Templar  
  173  13:41  Probe  
  174  13:49  Dark Templar x2  
  174  13:50  Dark Templar x2  
  175  14:06  Adept  
  175  14:07  Probe  
  175  14:09  Probe  
  167  14:33  Pylon  
  167  14:37  Pylon  
  165  14:38  Pylon  
  165  14:39  Nexus  
  165  14:42  Pylon  
  165  14:45  Pylon  
Show
View Real Time Build Order
Export as new Build Order

ForJumyyyy Protoss 

Build Orders: Blink Stalkers 

Get SALT Encoding   

  12  0:00  Probe  
  13  0:12  Probe  
  14  0:17  Pylon  
  14  0:24  Probe  
  15  0:36  Gateway  
  15  0:37  Probe (Chrono Boost)  
  16  0:47  Assimilator, Probe (Chrono Boost)  
  17  0:52  Probe (Chrono Boost)  
  17  0:55  Assimilator  
  18  1:04  Probe (Chrono Boost)  
  19  1:08  Gateway  
  19  1:14  Probe (Chrono Boost)  
  20  1:19  Probe  
  20  1:25  Cybernetics Core  
  21  1:31  Probe  
  22  1:36  Pylon  
  22  1:43  Probe  
  23  1:55  Probe  
  23  2:01  Adept x2, Warp Gate  
  28  2:07  Probe  
  29  2:12  Pylon  
  29  2:19  Probe  
  30  2:25  Twilight Council  
  30  2:33  Stalker  
  32  2:39  Stalker  
  32  2:42  Probe  
  35  3:00  Probe  
  35  3:02  Blink (Chrono Boost), Pylon  
  35  3:13  Probe  
  36  3:23  Nexus  
  36  3:30  Pylon  
  36  3:31  Probe  
  34  3:43  Probe  
  35  3:51  Stalker x2  
  35  3:55  Probe  
  39  4:01  Gateway  
  39  4:09  Shield Battery, Probe  
  40  4:16  Stalker  
  40  4:22  Stalker  
  41  4:25  Probe  
  42  4:35  Probe (Chrono Boost)  
  42  4:38  Probe (Chrono Boost)  
  44  4:40  Stalker  
  47  4:46  Probe (Chrono Boost)  
  47  4:47  Probe (Chrono Boost)  
  47  4:51  Stalker  
  47  4:52  Probe (Chrono Boost)  
  50  4:55  Probe  
  52  5:01  Stalker  
  52  5:06  Shield Battery  
  54  5:10  Stalker  
  54  5:12  Probe  
  57  5:16  Pylon  
  57  5:19  Probe  
  58  5:22  Stalker  
  60  5:28  Stalker  
  60  5:34  Probe  
  63  5:39  Pylon  
  63  5:44  Stalker  
  63  5:45  Probe  
  63  5:47  Stalker  
  68  6:01  Probe  
  69  6:09  Nexus  
  69  6:16  Adept x2  
  69  6:18  Probe  
  72  6:20  Sentry  
  72  6:22  Probe  
  72  6:24  Charge  
  75  6:32  Forge  
  75  6:38  Gateway  
  75  6:39  Gateway  
  75  6:41  Probe  
  75  6:42  Probe  
  75  7:01  Protoss Ground Weapons Level 1 (Chrono Boost)  
  67  7:05  Gateway  
  67  7:07  Gateway  
  67  7:08  Gateway  
  63  7:11  Gateway  
  63  7:19  Stalker x2  
  67  7:26  Stalker  
  69  7:34  Gateway  
  69  7:39  Zealot x2  
  65  7:54  Probe  
  65  7:57  Probe  
  67  8:01  Gateway  
  67  8:05  Zealot x6  
  79  8:06  Pylon  
  79  8:09  Probe  
  80  8:15  Zealot x3  
  86  8:25  Probe  
  87  8:28  Zealot x4  
  87  8:29  Zealot x3  
  101  8:35  Pylon  
  101  8:42  Pylon, Protoss Ground Weapons Level 2 (Chrono Boost)  
  101  8:48  Pylon  
  101  8:53  Probe  
  101  8:54  Zealot x3  
  108  9:05  Probe, Pylon  
  108  9:07  Stalker x4  
  117  9:14  Robotics Facility  
  117  9:15  Pylon  
  117  9:17  Stalker x2  
  119  9:32  Zealot x6  
  119  9:36  Zealot  
  133  9:47  Zealot x4  
  133  9:51  Pylon  
  141  9:53  Pylon  
  141  10:00  Pylon  
  137  10:11  Robotics Bay  
  135  10:19  Stalker x7  
  129  10:23  Observer  
  128  10:28  Protoss Ground Weapons Level 3 (Chrono Boost)  
  122  10:38  Zealot x2  
  122  10:39  Zealot x2  
  116  10:44  Zealot x4  
  124  10:55  Zealot x4  
  126  11:01  Zealot x3  
  126  11:03  Zealot  
  130  11:08  Zealot x3  
  136  11:15  Stalker x2  
  136  11:16  Stalker  
  142  11:25  Stalker x2  
  142  11:26  Stalker  
  96  11:40  Zealot x7  
  107  11:47  Zealot  
  107  11:53  Nexus  
  103  12:03  Observer (Chrono Boost)  
  103  12:06  Stalker x4  
  112  12:16  Stalker x2  
  116  12:23  Zealot x2  
  105  12:38  Observer  
  97  12:46  Probe  
  97  12:48  Assimilator  
  86  12:56  Zealot x7  
  91  13:14  Probe (Chrono Boost)  
  91  13:18  Probe (Chrono Boost)  
  93  13:25  Probe x2 (Chrono Boost)  
  95  13:27  Pylon  
  93  13:42  Stalker x3  
  90  13:57  Zealot  
  90  13:58  Zealot x3  
  86  14:05  Zealot  
  84  14:12  Zealot  
Tags
 
Add a new tag
Caveats
  • Supply blocks, unpowered buildings, or Contaminate may cause inaccurate times.
  • Supply counts are checked every 10 seconds.